 Dungeon Crawl Stone Soup version 0.29.1-12-g30fa7ad0bf (webtiles) character file.

Game seed: 6546226152509401119

1165 fantasyman the Cleaver (level 8, -17/71 HPs)
             Began as a Minotaur Fighter on Dec 20, 2022.
             Was a Believer of Zin.
             Demolished by a two-headed ogre
             ... wielding a +0 giant spiked club
              (29 damage)
             ... on level 6 of the Dungeon.
             The game lasted 00:05:11 (5251 turns).

fantasyman the Cleaver (Minotaur Fighter)           Turns: 5251, Time: 00:05:12

Health: -17/71     AC:  9    Str: 23    XL:     8   Next: 17%
Magic:  7/7        EV:  9    Int:  5    God:    Zin [**....]
Gold:   288        SH:  4    Dex: 10    Spells: 7/7 levels left

rFire   . . .      SeeInvis .   a - +0 war axe
rCold   . . .      Faith    .   c - +0 buckler
rNeg    . . .      Spirit   .   b - +0 scale mail
rPois   .          Reflect  .   (helmet restricted)
rElec   .          Harm     .   (no cloak)
rCorr   .          Rampage  .   p - +0 pair of gloves
Will    .....                   (no boots)
Stlth   ..........              (no amulet)
HPRegen 0.21/turn               (no ring)
MPRegen 0.10/turn               (no ring)

@: no status effects
A: horns 2, retaliatory headbutt
a: Renounce Religion, Recite, Vitalisation, Donate Gold


You were on level 6 of the Dungeon.
You worshipped Zin.
Zin was pleased with you.
You visited 1 branch of the dungeon, and saw 6 of its levels.

You collected 320 gold pieces.
You donated 32 gold pieces to Zin.

Inventory:

Hand Weapons
 a - a +0 war axe (weapon)
Armour
 b - a +0 scale mail (worn)
 c - a +0 buckler (worn)
 p - a +0 pair of gloves (worn)
Jewellery
 n - a +6 ring of intelligence
Wands
 k - a wand of polymorph (4)
 v - a wand of flame (9)
 w - a wand of iceblast (10)
Scrolls
 e - a scroll of vulnerability
 f - 4 scrolls of identify
 i - 2 scrolls of noise
 o - 2 scrolls of magic mapping {unknown}
 t - a scroll of immolation {unknown}
 u - a scroll of enchant weapon {unknown}
Potions
 d - 2 potions of might
 g - 2 potions of haste
 h - a potion of lignification
 j - 4 potions of curing {unknown}
 l - a potion of heal wounds {unknown}
 m - a potion of flight {unknown}
 q - a potion of cancellation {unknown}
 r - a potion of degeneration {unknown}
 s - a potion of magic {unknown}


   Skills:
 + Level 6.3 Fighting
 + Level 8.7 Axes
 + Level 7.2 Armour
 - Level 3.6 Shields


You had 7 spell levels left.
You didn't know any spells.
Your spell library contained the following spells:

 Spells                   Type           Power      Damage    Failure   Level
 Foxfire                  Conj/Fire      0%         2x1d4     85%         1
 Conjure Flame            Conj/Fire      0%         6-21      99%         3
 Inner Flame              Hex/Fire       0%         N/A       99%         3
 Flame Wave               Conj/Fire      0%         2d4       100%        4


Dungeon Overview and Level Annotations

Branches:
Dungeon (6/15)
 Temple: D:4-7

Altars:
Kikubaaqudgha
Makhleb
Nemelex Xobeh
Ru
Sif Muna
Wu Jian
Zin


Innate Abilities, Weirdness & Mutations

You have a pair of horns on your head.
You reflexively headbutt those who attack you in melee.


Message History

No target in view!
No target in view!
The two-headed ogre barely misses you.
The two-headed ogre hits you with a +0 giant club.
You hit the two-headed ogre.
Your headbutt misses the two-headed ogre.
The two-headed ogre is lightly wounded.
The two-headed ogre hits you with a +0 giant spiked club!!
The two-headed ogre closely misses you.
You barely miss the two-headed ogre.
Your headbutt misses the two-headed ogre.
The two-headed ogre is lightly wounded.
You completely miss the two-headed ogre.
The two-headed ogre is lightly wounded.
The two-headed ogre completely misses you.
The two-headed ogre closely misses you.
You slash the two-headed ogre!
The two-headed ogre is moderately wounded.
The two-headed ogre hits you with a +0 giant spiked club!
The two-headed ogre hits you with a +0 giant club!
Unknown command.
You are too injured to fight recklessly!
You are too injured to fight recklessly!
You are too injured to fight recklessly!
You hit the two-headed ogre.
The two-headed ogre is moderately wounded.
You block the two-headed ogre's attack.
The two-headed ogre hits you but does no damage.
You slash the two-headed ogre!
The two-headed ogre is heavily wounded.
You slash the two-headed ogre!
The two-headed ogre is almost dead.
The two-headed ogre hits you with a +0 giant spiked club.
The two-headed ogre hits you with a +0 giant club!
* * * LOW HITPOINT WARNING * * *
You barely miss the two-headed ogre.
Your headbutt misses the two-headed ogre.
The two-headed ogre is almost dead.
The two-headed ogre hits you with a +0 giant spiked club!!
You die...

##.. ...### #.# #....
....# #.# .....
###.######.#
##...####.......##.#
.........[......##.#####
........................
...................#####
#####...#####.......#
#.#@.# #####.#.####
#.##O# #.#..... . .#
#.#..... .. .# #.[.....
#/ ?. ###..... #. ..
#..... ... #..... ...
#..... ######


You could see a two-headed ogre.

Vanquished Creatures
  Sigmund (D:5)
  A water moccasin (D:5)
  A black bear (D:4)
  A phantom (D:3)
  3 scorpions
  A gnoll sergeant (D:4)
  2 necrophages (D:5)
  4 hounds
  An orc priest (D:5)
  2 orc wizards
  4 gnolls (D:5)
  6 adders
  A shadow imp (D:5)
  A white imp (D:5)
  An ufetubus (D:5)
  A worm (D:5)
  2 dart slugs
  17 orcs
  5 ball pythons
  8 bats
  5 endoplasms
  2 giant cockroaches (D:2)
  7 goblins
  3 hobgoblins
  7 jackals
  7 quokkas
  6 frilled lizards
  6 kobolds
  3 rats
109 creatures vanquished.

Vanquished Creatures (others)
  2 plants (D:1)
2 creatures vanquished.

Grand Total: 111 creatures vanquished

Notes
Turn   | Place    | Note
-------+----------+-------------------------------------------
     0 | D:1      | fantasyman the Minotaur Fighter began the quest for the
                  | Orb.
     0 | D:1      | Reached XP level 1. HP: 19/19 MP: 0/0
   207 | D:1      | Reached XP level 2. HP: 23/27 MP: 1/1
   307 | D:1      | Found a faded altar of an unknown god.
   400 | D:1      | Reached skill level 3 in Axes
   469 | D:1      | Reached XP level 3. HP: 32/33 MP: 2/2
  1319 | D:2      | Found a burning altar of Makhleb.
  2174 | D:3      | Noticed a phantom
  2188 | D:3      | Killed a phantom
  2189 | D:3      | Reached skill level 4 in Axes
  2189 | D:3      | Reached XP level 4. HP: 36/41 MP: 3/3
  2298 | D:4      | Reached XP level 5. HP: 47/47 MP: 4/4
  2338 | D:4      | Noticed a black bear
  2341 | D:4      | Killed a black bear
  2342 | D:4      | Reached skill level 5 in Axes
  2479 | D:4      | Reached skill level 5 in Fighting
  2479 | D:4      | Reached skill level 6 in Axes
  2479 | D:4      | Reached XP level 6. HP: 52/56 MP: 5/5
  2515 | D:4      | Reached skill level 5 in Armour
  2793 | D:4      | Found a burning altar of Makhleb.
  2972 | D:4      | Found an ancient bone altar of Kikubaaqudgha.
  2974 | D:4      | Found a sacrificial altar of Ru.
  2974 | D:4      | Found a sparkling altar of Nemelex Xobeh.
  2975 | D:4      | Found a shimmering blue altar of Sif Muna.
  2976 | D:4      | Found an ornate altar of the Wu Jian Council.
  2977 | D:4      | Found a glowing silver altar of Zin.
  3021 | D:4      | Reached skill level 7 in Axes
  3155 | D:4      | Became a worshipper of Zin the Law-Giver
  3155 | D:4      | Reached * piety under Zin
  3184 | D:5      | Entered Level 5 of the Dungeon
  3186 | D:5      | Noticed Sigmund
  3606 | D:5      | Killed Sigmund
  3607 | D:5      | Reached XP level 7. HP: 62/62 MP: 6/6
  3651 | D:5      | HP: 4/93 [poisoned by a water moccasin]
  4394 | D:5      | Reached skill level 8 in Axes
  4418 | D:5      | Reached XP level 8. HP: 38/70 MP: 7/7
  4624 | D:5      | Reached ** piety under Zin
  5239 | D:6      | Noticed a two-headed ogre
  5251 | D:6      | Demolished by a two-headed ogre

Illustrated notes

Levels and vault maps discovered:
D:1:      lightli_arrival_farm, layout_loops_ring, basic_ecumenical_altar,
          serial_bayou_pond_a, minmay_misc_feat_alley, st_stairs_9
D:2:      layout_loops_ring, basic_altar, minmay_fountain_box
D:3:      layout_basic, serial_curves, eino_curves_01, eino_curves_02,
          eino_curves_03, eino_curves_01
D:4:      layout_rooms, kennysheep_mini, minitemple, kennysheep_generic_room_11
D:5:      layout_basic, minmay_fractal_squares_diagonal_5, uniq_sigmund
D:6:      minmay_flawed_box, layout_rooms, temple_doors_e,
          minmay_misc_feat_room, minmay_misc_feat_doors, uniq_crazy_yiuf_cottage

Skill      XL: |  1  2  3  4  5  6  7  8 |
---------------+-------------------------+-----
Fighting       | 4 5 6 |  6.3
Armour         | 4 5 6 7 |  7.2
Axes           | 3 4 6 7 8 |  8.7
Shields        | |  3.6

Action                   |  1- 3 |  4- 6 |  7- 9 || total
-------------------------+-------+-------+-------++-------
Melee: War axe           |   115 |    69 |    95 ||   279
       Headbutt          |    12 |     6 |    12 ||    30
  Use: Scroll            |     4 |     1 |       ||     5
       Potion            |       |       |     2 ||     2
Armor: Scale mail        |    60 |    30 |    43 ||   133
       Skin              |       |       |     3 ||     3
Dodge: Dodged            |    42 |    28 |    44 ||   114
Block: Buckler           |    35 |    23 |    20 ||    78
